WIN
PITTSBURGH (WIN) PIRATES @ KANSAS CITY (WIN) ROYALS
12/09/2049
 
TOP OF THE 1ST
Pittsburgh (WIN) Pirates batting - Pitching for Kansas City (WIN) Royals : RHP Phil Kellum
Pitching: RHP Phil Kellum
Batting: SHB Don Hauk 0-0: Called Strike
0-1: Ball
1-1: SINGLE (Groundball, 56D, EV 93.8 MPH)
Batting: RHB Edwardo Tanchez 0-0: Foul Ball, location: 7LMFF
0-1: Called Strike
0-2: DOUBLE (Flyball, 8LXD, EV 105.6 MPH)
Don Hauk to third
Batting: RHB Ricky Alvarado 0-0: Swinging Strike
0-1: Swinging Strike
0-2: Foul Ball, location: 9LMF
0-2: Ball
1-2: Strikes out swinging
Batting: LHB Dustin Herman 0-0: Called Strike
0-1: Ball
1-1: Ball
2-1: Foul Ball, location: 2LF
2-2: Strikes out swinging
Batting: RHB Chris Arroyo 0-0: Called Strike
0-1: Swinging Strike
0-2: Fly out, F9 (Flyball, 89S, EV 89.4 MPH)
Top of the 1st over - 0 runs, 2 hits, 0 errors, 2 left on base; Pittsburgh (WIN) 0 - Kansas City (WIN) 0
BOTTOM OF THE 1ST
Kansas City (WIN) Royals batting - Pitching for Pittsburgh (WIN) Pirates : RHP Luis Flores
Pitching: RHP Luis Flores
Batting: RHB Yuichi Takata 0-0: Called Strike
0-1: Ball
1-1: DOUBLE (Line Drive, 78D, EV 104.4 MPH)
Batting: RHB Kazuki Arai 0-0: Ball
1-0: Called Strike
1-1: Foul Ball, location: 2F
1-2: Ball
2-2: Ball
3-2: Ground out U3 (Groundball, 3, EV 108.8 MPH)
Yuichi Takata to third
Batting: RHB Kevin Wimberly 0-0: Ball
1-0: Called Strike
1-1: Ball
2-1: Ball
3-1: 2-RUN HOME RUN (Flyball, 7D, EV 99.4 MPH), Distance : 378 ft
Batting: RHB Nick Julien 0-0: Ground out 5-3 (Groundball, 5, EV 86.9 MPH)
Batting: SHB Mike Williams 0-0: Ball
1-0: Ball
2-0: Ball
3-0: Called Strike
3-1: SINGLE (Groundball, 6MD, EV 106.3 MPH)
Batting: RHB Ken Postlethwaite 0-0: Ball
1-0: Ball
2-0: Called Strike
2-1: Foul Ball, location: 7LMF
2-2: Ball
3-2: Base on Balls
Mike Williams to second
Batting: SHB Bill Ertl 0-0: Foul Ball, location: 7LDF
0-1: Ground out 3-1 (Groundball, 34S, EV 81.9 MPH)
Bottom of the 1st over - 2 runs, 3 hits, 0 errors, 2 left on base; Pittsburgh (WIN) 0 - Kansas City (WIN) 2
TOP OF THE 2ND
Pittsburgh (WIN) Pirates batting - Pitching for Kansas City (WIN) Royals : RHP Phil Kellum
Batting: RHB Mike Weeks 0-0: Ball
1-0: Ball
2-0: Ball
3-0: Base on Balls
Batting: RHB Ryan LeSueur 0-0: Ball
1-0: Ball
Mike Weeks is caught stealing 2nd base 2-4
2-0: Foul Ball, location: 2F
2-1: Ball
3-1: Fly out, F9 (Flyball, 9, EV 96.3 MPH)
Batting: RHB Hugo Montemayor 0-0: Called Strike
0-1: Foul Ball, location: 9LMFF
0-2: Ball
1-2: Strikes out swinging
Top of the 2nd over - 0 runs, 0 hits, 0 errors, 0 left on base; Pittsburgh (WIN) 0 - Kansas City (WIN) 2
BOTTOM OF THE 2ND
Kansas City (WIN) Royals batting - Pitching for Pittsburgh (WIN) Pirates : RHP Luis Flores
Batting: LHB Pablo Serrato 0-0: Ball
1-0: Called Strike
1-1: Foul Ball, location: 2F
1-2: Ball
2-2: Foul Ball, location: 5FF
2-2: Ball
3-2: Foul Ball, location: 2F
3-2: Foul Ball, location: 2F
3-2: Strikes out swinging
Batting: RHB Justin Goff 0-0: Called Strike
0-1: Ball
1-1: Ball
2-1: Called Strike
2-2: Foul Ball, location: 2F
2-2: Ball
3-2: Base on Balls
Batting: RHB Yuichi Takata 0-0: Ball
1-0: Ball
2-0: Called Strike
2-1: Swinging Strike
2-2: Foul Ball, location: 23FF
2-2: Ball
3-2: Grounds into double play, 6-4-3 (Groundball, 6S, EV 86.9 MPH)
Bottom of the 2nd over - 0 runs, 0 hits, 0 errors, 0 left on base; Pittsburgh (WIN) 0 - Kansas City (WIN) 2
TOP OF THE 3RD
Pittsburgh (WIN) Pirates batting - Pitching for Kansas City (WIN) Royals : RHP Phil Kellum
Batting: SHB Nathan Clement 0-0: Called Strike
0-1: Ball
1-1: Swinging Strike
1-2: Ball
2-2: Strikes out swinging, 2-3 out at first.
Batting: SHB Don Hauk 0-0: Fly out, F8 (Flyball, 8RXD, EV 107.5 MPH)
Batting: RHB Edwardo Tanchez 0-0: Called Strike
0-1: Ball
1-1: Swinging Strike
1-2: Strikes out swinging
Top of the 3rd over - 0 runs, 0 hits, 0 errors, 0 left on base; Pittsburgh (WIN) 0 - Kansas City (WIN) 2
BOTTOM OF THE 3RD
Kansas City (WIN) Royals batting - Pitching for Pittsburgh (WIN) Pirates : RHP Luis Flores
Batting: RHB Kazuki Arai 0-0: Swinging Strike
0-1: Ball
1-1: Ball
2-1: SINGLE (Line Drive, 89M, EV 95.0 MPH)
Batting: RHB Kevin Wimberly 0-0: Ball
1-0: Called Strike
1-1: Ball
2-1: Ball
3-1: Foul Ball, location: 2F
3-2: Grounds into double play, 5-4-3 (Groundball, 56S, EV 84.4 MPH)
Batting: RHB Nick Julien 0-0: Ball
1-0: Ground out 6-3 (Groundball, 6, EV 81.3 MPH)
Bottom of the 3rd over - 0 runs, 1 hit, 0 errors, 0 left on base; Pittsburgh (WIN) 0 - Kansas City (WIN) 2
TOP OF THE 4TH
Pittsburgh (WIN) Pirates batting - Pitching for Kansas City (WIN) Royals : RHP Phil Kellum
Batting: RHB Ricky Alvarado 0-0: Called Strike
0-1: Ground out 6-3 (Groundball, 56, EV 81.3 MPH)
Batting: LHB Dustin Herman 0-0: Called Strike
0-1: Called Strike
0-2: Strikes out swinging
Batting: RHB Chris Arroyo 0-0: Ball
1-0: Ball
2-0: Foul Ball, location: 2F
2-1: Ball
3-1: Called Strike
3-2: Strikes out looking and he ARGUES THE CALL AND IS TOSSED!
Top of the 4th over - 0 runs, 0 hits, 0 errors, 0 left on base; Pittsburgh (WIN) 0 - Kansas City (WIN) 2
BOTTOM OF THE 4TH
Kansas City (WIN) Royals batting - Pitching for Pittsburgh (WIN) Pirates : RHP Luis Flores
Now at 3B: Mike Weeks
Now in LF: Ronnie Brooks
Batting: SHB Mike Williams 0-0: Fly out, F7 (Flyball, 78S, EV 83.1 MPH)
Batting: RHB Ken Postlethwaite 0-0: Called Strike
0-1: Ground out 5-3 (Groundball, 56, EV 76.3 MPH)
Batting: SHB Bill Ertl 0-0: Ball
1-0: Ball
2-0: Called Strike
2-1: Ball
3-1: Foul Ball, location: 2F
3-2: Fly out, F8 (Line Drive, 8LD, EV 102.5 MPH)
Bottom of the 4th over - 0 runs, 0 hits, 0 errors, 0 left on base; Pittsburgh (WIN) 0 - Kansas City (WIN) 2
TOP OF THE 5TH
Pittsburgh (WIN) Pirates batting - Pitching for Kansas City (WIN) Royals : RHP Phil Kellum
Batting: RHB Mike Weeks 0-0: Called Strike
0-1: Ball
1-1: Ball
2-1: Ball
3-1: Swinging Strike
3-2: Base on Balls
Batting: RHB Ryan LeSueur 0-0: Ball
1-0: Called Strike
1-1: Ball
2-1: Ball
3-1: SINGLE (Groundball, 4S, EV 68.8 MPH) (infield hit)
Mike Weeks to second
Batting: RHB Hugo Montemayor 0-0: Bunted foul
0-1: Sac Bunt to P - play at first, batter OUT! 1-4
Mike Weeks to third
Ryan LeSueur to second
Batting: SHB Nathan Clement 0-0: Ball
1-0: Swinging Strike
1-1: Swinging Strike
1-2: Foul Ball, location: 7LDF
1-2: Fielders Choice attempt at home, Runner SAFE. 6-2 (Groundball, 6M, EV 79.4 MPH)
Ryan LeSueur to third
Batting: SHB Don Hauk 0-0: Called Strike
0-1: Ball
1-1: Foul Ball, location: 2F
1-2: Ball
2-2: Fly out, F7 (Flyball, 7, EV 95.6 MPH)
Runner from 3rd tags up, OUT at HOME! 7-2
Top of the 5th over - 1 run, 1 hit, 0 errors, 1 left on base; Pittsburgh (WIN) 1 - Kansas City (WIN) 2
BOTTOM OF THE 5TH
Kansas City (WIN) Royals batting - Pitching for Pittsburgh (WIN) Pirates : RHP Luis Flores
Batting: LHB Pablo Serrato 0-0: Ball
1-0: Foul Ball, location: 2F
1-1: Fly out, F7 (Flyball, 7, EV 80.0 MPH)
Batting: RHB Justin Goff 0-0: Ball
1-0: Foul Ball, location: 3SF
1-1: Ball
2-1: Swinging Strike
2-2: Strikes out swinging
Batting: RHB Yuichi Takata 0-0: Ball
1-0: Ball
2-0: Swinging Strike
2-1: Fly out, F7 (Line Drive, 78M, EV 110.6 MPH)
Bottom of the 5th over - 0 runs, 0 hits, 0 errors, 0 left on base; Pittsburgh (WIN) 1 - Kansas City (WIN) 2
TOP OF THE 6TH
Pittsburgh (WIN) Pirates batting - Pitching for Kansas City (WIN) Royals : RHP Phil Kellum
Batting: RHB Edwardo Tanchez 0-0: Ball
1-0: Fly out, F9 (Flyball, 89M, EV 101.3 MPH)
Batting: RHB Ricky Alvarado 0-0: Called Strike
0-1: Ball
1-1: Ball
2-1: Swinging Strike
2-2: Foul Ball, location: 3SF
2-2: Strikes out looking
Batting: LHB Dustin Herman 0-0: Called Strike
0-1: Swinging Strike
0-2: Strikes out looking
Top of the 6th over - 0 runs, 0 hits, 0 errors, 0 left on base; Pittsburgh (WIN) 1 - Kansas City (WIN) 2
BOTTOM OF THE 6TH
Kansas City (WIN) Royals batting - Pitching for Pittsburgh (WIN) Pirates : RHP Luis Flores
Pitching: RHP Matt Wax
Batting: RHB Kazuki Arai 0-0: Called Strike
0-1: Called Strike
0-2: Ball
1-2: SINGLE (Groundball, 6MD, EV 96.3 MPH)
Batting: RHB Kevin Wimberly 0-0: Ball
Kazuki Arai is caught stealing 2nd base 2-4
1-0: Ball
2-0: Foul Ball, location: 2F
2-1: Ball
3-1: Base on Balls
Batting: RHB Nick Julien 0-0: Ball
1-0: Called Strike
1-1: Ball
2-1: Ball
3-1: Called Strike
3-2: 2-RUN HOME RUN (Flyball, 9D, EV 98.1 MPH), Distance : 379 ft
Batting: SHB Mike Williams 0-0: Ball
1-0: Called Strike
1-1: Swinging Strike
1-2: Fly out, F4 (Popup, 34, EV 83.1 MPH)
Batting: RHB Ken Postlethwaite 0-0: Foul Ball, location: 5SF
0-1: Called Strike
0-2: SINGLE (Groundball, 6MS, EV 73.8 MPH) (infield hit)
Batting: SHB Bill Ertl 0-0: Called Strike
0-1: Ball
1-1: Ball
2-1: Ball
3-1: Base on Balls
Ken Postlethwaite to second
Pitching: LHP Ighlas Kumbuka
Batting: LHB Pablo Serrato 0-0: Called Strike
0-1: Ball
1-1: Ball
2-1: Ball
3-1: Base on Balls
Ken Postlethwaite to third
Bill Ertl to second
Batting: RHB Justin Goff 0-0: Ball
1-0: Ball
2-0: Fly out, F9 (Flyball, 89S, EV 85.6 MPH)
Bottom of the 6th over - 2 runs, 3 hits, 0 errors, 3 left on base; Pittsburgh (WIN) 1 - Kansas City (WIN) 4
TOP OF THE 7TH
Pittsburgh (WIN) Pirates batting - Pitching for Kansas City (WIN) Royals : RHP Phil Kellum
Pitching: RHP John Barnett
Batting: SHB Ronnie Brooks 0-0: Ball
1-0: SINGLE (Line Drive, 56D, EV 103.1 MPH)
Batting: RHB Mike Weeks 0-0: Ball
1-0: Foul Ball, location: 2F
1-1: Ball
2-1: Foul Ball, location: 5FF
2-2: SINGLE (Line Drive, 8LS, EV 94.4 MPH)
Ronnie Brooks to second
Batting: RHB Ryan LeSueur 0-0: SINGLE (Line Drive, 6M, EV 93.8 MPH)
Ronnie Brooks to third
Mike Weeks to second
Batting: RHB Hugo Montemayor 0-0: Fly out, F7 (Flyball, 78D, EV 104.4 MPH)
Batting: SHB Nathan Clement 0-0: Fly out, F9 (Flyball, 9, EV 82.5 MPH)
Pinch Hitting: LHB Kazuyoshi Ikeda 0-0: Foul Ball, location: 5SF
0-1: Called Strike
0-2: Ground out 6-3 (Groundball, P, EV 91.9 MPH)
Top of the 7th over - 0 runs, 3 hits, 0 errors, 3 left on base; Pittsburgh (WIN) 1 - Kansas City (WIN) 4
BOTTOM OF THE 7TH
Kansas City (WIN) Royals batting - Pitching for Pittsburgh (WIN) Pirates : LHP Ighlas Kumbuka
Now in RF: Kazuyoshi Ikeda
Batting: RHB Yuichi Takata 0-0: Ball
1-0: Called Strike
1-1: Ball
2-1: Ball
3-1: Foul Ball, location: 2F
3-2: Base on Balls
Batting: RHB Kazuki Arai 0-0: Called Strike
0-1: Called Strike
0-2: Fly out, F7 (Line Drive, 7LM, EV 90.6 MPH)
Batting: RHB Kevin Wimberly 0-0: Called Strike
0-1: Ball
1-1: SINGLE (Groundball, 34D, EV 98.1 MPH)
Yuichi Takata to second
Runner from 2nd tries for 3rd, SAFE, throw by RF made to third
Batting: RHB Nick Julien 0-0: Ball
1-0: Ball
2-0: Called Strike
2-1: SINGLE (Groundball, 56, EV 103.1 MPH) (infield hit)
Yuichi Takata scores
Kevin Wimberly to second
Batting: SHB Mike Williams 0-0: Ball
1-0: Called Strike
1-1: Fly out, F7 (Flyball, 7, EV 75.0 MPH)
Pitching: RHP Randy Nelligan
Batting: RHB Ken Postlethwaite 0-0: Ball
1-0: Fly out, F6 (Popup, 6MD, EV 68.8 MPH)
Bottom of the 7th over - 1 run, 2 hits, 0 errors, 2 left on base; Pittsburgh (WIN) 1 - Kansas City (WIN) 5
TOP OF THE 8TH
Pittsburgh (WIN) Pirates batting - Pitching for Kansas City (WIN) Royals : RHP John Barnett
Batting: RHB Edwardo Tanchez 0-0: Ball
1-0: Foul Ball, location: 23F
1-1: Ball
2-1: Swinging Strike
2-2: Strikes out swinging
Batting: RHB Ricky Alvarado 0-0: Called Strike
0-1: Foul Ball, location: 2F
0-2: Ball
1-2: Foul Ball, location: 2F
1-2: Strikes out swinging
Batting: LHB Dustin Herman 0-0: Fly out, F7 (Flyball, 7LM, EV 78.1 MPH)
Top of the 8th over - 0 runs, 0 hits, 0 errors, 0 left on base; Pittsburgh (WIN) 1 - Kansas City (WIN) 5
BOTTOM OF THE 8TH
Kansas City (WIN) Royals batting - Pitching for Pittsburgh (WIN) Pirates : RHP Randy Nelligan
Batting: SHB Bill Ertl 0-0: Called Strike
0-1: Ball
1-1: DOUBLE (Line Drive, 78D, EV 85.6 MPH)
Batting: LHB Pablo Serrato 0-0: Ball
1-0: Ground out 4-3 (Groundball, 13, EV 84.4 MPH)
Bill Ertl to third
Batting: RHB Justin Goff 0-0: Swinging Strike
0-1: Ball
1-1: Ball
2-1: Ground out 1-3 (Groundball, 13S, EV 72.5 MPH)
Batting: RHB Yuichi Takata 0-0: Ball
1-0: Ball
2-0: Ball
3-0: Swinging Strike
3-1: Base on Balls
Pitching: RHP Sung-jae Choo
Batting: RHB Kazuki Arai 0-0: Ball
1-0: Fly out, F8 (Line Drive, 8RD, EV 106.3 MPH)
Bottom of the 8th over - 0 runs, 1 hit, 0 errors, 2 left on base; Pittsburgh (WIN) 1 - Kansas City (WIN) 5
TOP OF THE 9TH
Pittsburgh (WIN) Pirates batting - Pitching for Kansas City (WIN) Royals : RHP John Barnett
Batting: SHB Ronnie Brooks 0-0: Ball
1-0: Called Strike
1-1: Called Strike
1-2: Ball
2-2: Strikes out swinging
Batting: RHB Mike Weeks 0-0: Called Strike
0-1: Ball
1-1: SINGLE (Line Drive, 89M, EV 96.9 MPH)
Batting: RHB Ryan LeSueur 0-0: Ball
1-0: Ball
2-0: Foul Ball, location: 25F
2-1: Swinging Strike
2-2: Ball
3-2: Base on Balls
Mike Weeks to second
Pitching: RHP Malachi Shelton
Pinch Hitting: LHB Dave Cook 0-0: Foul Ball, location: 3F
0-1: Ball
1-1: Foul Ball, location: 7LDF
1-2: Ball
2-2: Strikes out looking
Pinch Hitting: RHB Hector Barajas 0-0: Called Strike
0-1: Swinging Strike
0-2: Ground out 1-3 (Groundball, 34S, EV 76.3 MPH)
Top of the 9th over - 0 runs, 1 hit, 0 errors, 2 left on base; Pittsburgh (WIN) 1 - Kansas City (WIN) 5
Sunday, July 16th , 2023 - OOTP Baseball 24.6 Build 69